 Seeded DCSS version 0.29-a0-356-g7bc237e783 (webtiles) character file.

Game seed: 13387057801375688922 (custom seed)

7 zeratav the Skirmisher (level 2, 26/26 HPs)
             Began as a Hill Orc Fighter on Apr 25, 2022.
             Quit the game on level 1 of the Dungeon.
             The game lasted 00:00:53 (258 turns).

zeratav the Skirmisher (Hill Orc Fighter)            Turns: 258, Time: 00:00:54

Health: 26/26      AC:  6    Str: 18    XL:     2   Next: 0%
Magic:  2/2        EV:  9    Int:  8    God:
Gold:   17         SH:  4    Dex: 10    Spells: 1/1 levels left

rFire   . . .      SeeInvis .   a - +0 war axe {axe}
rCold   . . .      Faith    .   c - +0 buckler
rNeg    . . .      Spirit   .   b - +0 scale mail
rPois   .          Reflect  .   (no helmet)
rElec   .          Harm     .   (no cloak)
rCorr   .          Rampage  .   (no gloves)
Will    .....                   (no boots)
Stlth   ..........              (no amulet)
HPRegen 0.08/turn               (no ring)
MPRegen 0.08/turn               (no ring)

@: no status effects
A: no striking features
a: no special abilities


You were on level 1 of the Dungeon.
You visited 1 branch of the dungeon, and saw 1 of its levels.

You collected 17 gold pieces.


   Skills:
 - Level 3.6 Fighting
 + Level 3.6 Axes
 - Level 3.2 Armour
 - Level 3.2 Shields


You had one spell level left.
You didn't know any spells.
Your spell library was empty.

Inventory:

Hand Weapons
 a - a +0 war axe (weapon) {axe}
Armour
 b - a +0 scale mail (worn)
 c - a +0 buckler (worn)
Jewellery
 g - the amulet of the Blue Skies {Faith rN+ Will+}
   (You acquired it on level 1 of the Dungeon)

   [amulet of faith]

   It allows you to gain divine favour quickly.
   rN:        It protects you from negative energy.
   Will:      It increases your willpower.
Scrolls
 e - a scroll of teleportation {unknown}
Potions
 d - a potion of might
 f - 2 potions of curing {unknown}

Dungeon Overview and Level Annotations

Branches:
Dungeon (1/15)

Altars:

..........# ###......
..........#####†...#.#.#
...............)........
..........######.#.##...
#######.######.....#....
#.# #....#.#.....#
#.###.............
#.#....#.#)#...#.#
..........@.......
#.##.#.#.#.#.#.#.#
.##........(.....
#########..#### ..# .#
.# #


There were no monsters in sight!


Message History

f - 2 brown potions A goblin comes into view.
It is wielding a +0 dagger.
The goblin shouts!
You hear a shout!
A goblin is nearby!
A ball python comes into view.
The ball python hisses angrily.
A goblin comes into view. It is wielding a +0 dagger.
The goblin hits you but does no damage.
A frilled lizard comes into view.
The frilled lizard hisses angrily.
You hit the goblin. The goblin barely misses you.
You miss the goblin.
The goblin hits you but does no damage. x2
You hit the goblin but do no damage. The goblin barely misses you.
You closely miss the goblin. The goblin closely misses you.
The goblin hits you with a +0 dagger.
The ball python bites you but does no damage.
You block the ball python's attack.
HP[-1]
You take 1 damage, and now have 18/19 hp.
You hit the goblin. You closely miss the ball python.
The ball python bites you. The ball python barely misses you.
The goblin hits you but does no damage.
HP[-2]
You take 2 damage, and now have 16/19 hp.
You slash the goblin!
You kill the goblin!
You hit the ball python but do no damage.
The ball python barely misses you. The ball python completely misses you.
You block the ball python's attack. The ball python grabs you.
The ball python constricts you.
Your Axes skill increases to level 3!
You completely miss the ball python. You miss the frilled lizard.
The frilled lizard bites you.
The ball python bites you but does no damage.
The ball python constricts you. The frilled lizard closely misses you.
HP[-1]
You take 1 damage, and now have 15/19 hp.
You closely miss the ball python. You barely miss the frilled lizard.
The ball python bites you. The ball python constricts you.
The frilled lizard bites you but does no damage.
The ball python bites you. The ball python constricts you.
HP[-3]
You take 3 damage, and now have 12/19 hp.
You are too injured to fight recklessly!
You are too injured to fight recklessly!
You are too injured to fight recklessly!
You are too injured to fight recklessly!
You are too injured to fight recklessly!
You are too injured to fight recklessly!
You are too injured to fight recklessly!
You are too injured to fight recklessly!
You are too injured to fight recklessly!
You are too injured to fight recklessly!
You are too injured to fight recklessly!
You are too injured to fight recklessly!
You are too injured to fight recklessly!
You are too injured to fight recklessly!
You are too injured to fight recklessly!
You are too injured to fight recklessly!
You are too injured to fight recklessly!
You are too injured to fight recklessly!
You are too injured to fight recklessly!
You are too injured to fight recklessly!
You closely miss the frilled lizard. You closely miss the ball python.
The ball python bites you. The ball python constricts you.
The frilled lizard bites you but does no damage.
The ball python bites you.
* * * LOW HITPOINT WARNING * * *
The ball python constricts you.
HP[-3]
You take 3 damage, and now have 9/19 hp.
You hit the frilled lizard.
You kill the frilled lizard!
You barely miss the ball python.
A frilled lizard comes into view.
The ball python bites you but does no damage.
The ball python constricts you. The goblin barely misses you.
The frilled lizard hisses angrily.
You slash the goblin!
You kill the goblin!
You hit the ball python.
You kill the ball python!
Things that are here:
a +0 dagger {short}; a +0 dagger {short}; a frilled lizard corpse You are too injured to fight recklessly!
You hit the frilled lizard.
You kill the frilled lizard!
You have reached level 2!
HP[+4] MP[+1]
You now have 26 max hp (+7).
You regained 4 hp, and now have 13/26 hp.
Your mp is fully restored (2).
You see here a +0 hunting sling {sling}.
g - a scroll labelled KECWAL DEYFETS HP[+13]
Your hp is fully restored (26).
This is a scroll of acquirement!
Something appears at your feet!
g - the amulet of the Blue Skies {Faith rN+ Will+} Are you sure you want to abandon this character and quit the game? (Confirm with "yes".)

Skill      XL: |  1 |
---------------+----+-----
Axes           | 3 |  3.6
Fighting       | |  3.6
Armour         | |  3.2
Shields        | |  3.2

Action                   || total
-------------------------++-------
Melee: War axe           ||    13
  Use: Scroll            ||     1
Armor: Scale mail        ||     9
Dodge: Dodged            ||     9
Block: Buckler           ||     2

Levels and vault maps discovered:
D:1:      saegor_arrival_fortress, layout_rooms,
          shapermc_ecumenical_altar_acropolis, hangedman_decor_riveting

Notes
Turn   | Place    | Note
-------+----------+-------------------------------------------
     0 | D:1      | zeratav the Hill Orc Fighter began the quest for the Orb.
     0 | D:1      | Reached XP level 1. HP: 19/19 MP: 1/1
     0 | D:1      | magus.rc [v1.9.6]
    86 | D:1      | Reached skill level 3 in Axes
    94 | D:1      | Reached XP level 2. HP: 13/26 MP: 2/2
   256 | D:1      | Identified a scroll of acquirement
   256 | D:1      | Acquired the amulet of the Blue Skies {Faith rN+ Will+}
   258 | D:1      | Quit the game

Vanquished Creatures
  A ball python (D:1)
  A giant cockroach (D:1)
  2 goblins (D:1)
  2 frilled lizards (D:1)
6 creatures vanquished.

Table legend:
 A = Non-vault XP
 B = Vault XP
 C = Vault XP percentage of total XP
 D = Non-vault monster count
 E = Vault monster count
 F = Vault count percentage of total count
                 A         B        C        D         E       F
            +---------+---------+-------+---------+---------+-------
      Total |      10 |       0 |   0.0 |       6 |       0 |   0.0
            +---------+---------+-------+---------+---------+-------
        D:1 |      10 |       0 |   0.0 |       6 |       0 |   0.0
            +---------+---------+-------+---------+---------+-------

Illustrated notes

Table legend:
 A = Kills in this place as a percentage of kills in entire the game.
 B = Kills by you in this place as a percentage of kills by you in the entire game.
 C = Kills by friends in this place as a percentage of kills by friends in the entire game.
 D = Other kills in this place as a percentage of other kills in the entire game.
 E = Experience gained in this place as a percentage of experience gained in the entire game.
 F = Experience gained in this place divided by the number of levels of this place that you have seen.
                   A       B       C       D       E      F
               +-------+-------+-------+-------+-------+----------------------
         Total | 100.0 | 100.0 |   N/A |   N/A | 100.0 |  10.0
       Dungeon | 100.0 | 100.0 |   N/A |   N/A | 100.0 |  10.0
               +-------+-------+-------+-------+-------+----------------------

Table legend: (Time is in decaauts)
 A = Elapsed time spent in this place.
 B = Non-inter-level travel time spent in this place.
 C = Inter-level travel time spent in this place.
 D = Time resting spent in this place.
 E = Time spent auto-exploring this place.
 F = Levels seen in this place.
 G = Mean time per level.
                   A        B        C        D        E       F      G
               +--------+--------+--------+--------+--------+-----+--------+
         Total |    262 |    262 |      0 |      0 |    230 |   1 |  262.0 |
       Dungeon |    262 |    262 |      0 |      0 |    230 |   1 |  262.0 |
               +--------+--------+--------+--------+--------+-----+--------+

Top non-repeatable levels by time:
     D:1: 262 daAuts
